 Dungeon Crawl Stone Soup version 0.23.2 (webtiles) character file.

Game seed: 8561926836016286884

224 lysyklops the Shield-Bearer (level 5, -16/47 HPs)
             Began as a Minotaur Fighter on Apr 6, 2019.
             Demolished by an ogre
             ... wielding a +0 giant club
              (22 damage)
             ... on level 4 of the Dungeon.
             The game lasted 00:03:09 (1998 turns).

lysyklops the Shield-Bearer (Minotaur Fighter)      Turns: 1998, Time: 00:03:09

Health: -16/47     AC: 10    Str: 22    XL:     5   Next: 67%
Magic:  4/4        EV:  8    Int:  5    God:
Gold:   216        SH: 10    Dex:  9    Spells: 4/4 levels left

rFire    + . .     SeeInvis .   a - +0 war axe
rCold    + . .     Gourm    .   c - +0 shield
rNeg     . . .     Faith    .   b - +0 scale mail
rPois    .         Spirit   .   (helmet restricted)
rElec    .         Reflect  .   k - scarf {rC+ rF+}
rCorr    .         Harm     .   (no gloves)
MR       .....                  g - +2 pair of boots
Stlth    ..........             (no amulet)
HPRegen  0.15/turn              (no ring)
MPRegen  0.09/turn              (no ring)

@: no status effects
A: retaliatory headbutt, horns 2
a: no special abilities


You were on level 4 of the Dungeon.
You were near starving.

You visited 1 branch of the dungeon, and saw 4 of its levels.

You collected 216 gold pieces.

Inventory:

Hand Weapons
 a - a +0 war axe (weapon)
Armour
 b - a +0 scale mail (worn)
 c - a +0 shield (worn)
 g - a +2 pair of boots (worn)
 k - a scarf of resistance (worn)
Jewellery
 i - an uncursed ring of ice {unknown}
 l - an uncursed ring of positive energy {unknown}
 m - an uncursed amulet of the gourmand {unknown}
 p - a cursed ring of attention {unknown}
 r - a +3 ring of strength {unknown}
 s - a cursed amulet of inaccuracy {unknown}
Wands
 n - a wand of clouds (6)
Scrolls
 j - 3 scrolls of fear {unknown}
 o - 2 scrolls of teleportation {unknown}
 q - a scroll of identify {unknown}
 t - a scroll of remove curse {unknown}
 u - a scroll of enchant weapon {unknown}
Potions
 d - a potion of might
 e - a potion of curing {unknown}
 h - a potion of mutation {unknown}
Comestibles
 f - 8 rations


   Skills:
 + Level 4.9 Fighting
 + Level 4.1 Axes
 + Level 4.6 Armour
 - Level 1.0 Dodging
 + Level 5.1 Shields


You had 4 spell levels left.
You didn't know any spells.
Your spell library was empty.

Dungeon Overview and Level Annotations

Branches:
Dungeon (4/15)
 Temple: D:4-7

Altars:
Makhleb


Innate Abilities, Weirdness & Mutations

You reflexively headbutt those who attack you in melee.
You have a pair of horns on your head.


Message History

Ouch! That really hurt!
You are too injured to fight recklessly!
You are too injured to fight recklessly!
You are too injured to fight recklessly!
You are too injured to fight recklessly!
You are too injured to fight recklessly!
You are too injured to fight recklessly!
You are too injured to fight recklessly!
An ogre is nearby!
You barely miss the ogre. You headbutt the ogre.
The ogre is moderately wounded.
The ogre hits you with a +0 giant club!
* * * LOW HITPOINT WARNING * * *
You hit the ogre. Your headbutt misses the ogre.
The ogre is moderately wounded.
The ogre barely misses you.
You hit the ogre. Your headbutt misses the ogre.
The ogre is heavily wounded.
The ogre hits you with a +0 giant club!!
You die...

#....## #.....##
#...... #.....
##.... ####....
#.....O# #.@# ###
#..# #.# ##.#####.#
#..##...# ..#
##...##.## #.#
##... ##.#####.#
#.# #....#####..#
###
##.####..........##
.............###.##


You could see an ogre.

Vanquished Creatures
  3 orc wizards (D:2)
  5 adders
  An ooze (D:1)
  2 worms
  A leopard gecko (D:3)
  6 orcs
  4 giant cockroaches
  8 goblins
  9 hobgoblins
  13 jackals
  8 kobolds
  2 quokkas (D:2)
  11 bats
  5 frilled lizards
  4 rats
82 creatures vanquished.

Notes
Turn   | Place    | Note
-------+----------+-------------------------------------------
     0 | D:1      | lysyklops the Minotaur Fighter began the quest for the Orb.
     0 | D:1      | Reached XP level 1. HP: 19/19 MP: 0/0
   190 | D:1      | Reached skill level 4 in Shields
   192 | D:1      | Reached XP level 2. HP: 23/27 MP: 1/1
   487 | D:2      | Reached XP level 3. HP: 33/33 MP: 2/2
   715 | D:2      | Reached skill level 1 in Dodging
   715 | D:2      | Reached XP level 4. HP: 40/40 MP: 3/3
   964 | D:2      | Reached XP level 5. HP: 41/47 MP: 4/4
  1091 | D:3      | Reached skill level 5 in Shields
  1566 | D:3      | Found a burning altar of Makhleb.
  1993 | D:4      | Noticed an ogre
  1998 | D:4      | Demolished by an ogre

Skill      XL: |  1  2  3  4  5 |
---------------+----------------+-----
Shields        | 4 5 |  5.1
Fighting       | 4 |  4.9
Axes           | 3 4 |  4.1
Dodging        | 1 |  1.0
Armour         | 4 |  4.6

Action                   |  1- 3 |  4- 6 || total
-------------------------+-------+-------++-------
Melee: War axe           |    90 |    94 ||   184
       Headbutt          |     9 |    18 ||    27
  Eat: Chunk             |       |     2 ||     2
Armor: Scale mail        |    58 |    31 ||    89
Dodge: Dodged            |    29 |    31 ||    60
Block: Shield            |    56 |    58 ||   114
